 Dungeon Crawl Stone Soup version 0.23.1 (webtiles) character file.

Game seed: 0

2128 MisterOstroum the Thrower (level 9, -7/85 HPs)
             Began as a Troll Hunter on Mar 1, 2019.
             Was a Priest of Elyvilon.
             Mangled by a shadow (20 damage)
             ... on level 6 of the Dungeon on Mar 2, 2019.
             The game lasted 00:54:31 (6043 turns).

MisterOstroum the Thrower (Troll Hunter)            Turns: 6043, Time: 00:54:32

Health: -7/85      AC:  9    Str: 26    XL:     9   Next: 8%
Magic:  7/8        EV: 11    Int:  7    God:    Elyvilon [***...]
Gold:   237        SH:  4    Dex: 13    Spells: 8/8 levels left

rFire    + + .     SeeInvis .   c - +1 dagger (protect)
rCold    x . .     Gourm    +   (no shield)
rNeg     . . .     Faith    .   y - +2 robe {rF+}
rPois    .         Spirit   .   (helmet restricted)
rElec    .         Reflect  +   z - +0 cloak
rCorr    .         Harm     .   (gloves unavailable)
MR       .....                  (boots unavailable)
Stlth    +.........             K - +4 amulet of reflection
HPRegen  0.64/turn              A - +4 ring of strength
MPRegen  0.11/turn              p - ring of fire

@: studying Charms, drained
A: large, unfitting armour, claws 3, fast metabolism 3, gourmand, regeneration
1, shaggy fur 1, tough skin 3
a: Lesser Healing, Heal Other, Purification, Divine Protection, Renounce
Religion


You were on level 6 of the Dungeon.
You worshipped Elyvilon.
Elyvilon was most pleased with you.
You were not hungry.

You visited 1 branch of the dungeon, and saw 7 of its levels.

You collected 237 gold pieces.

Inventory:

Hand Weapons
 a - a +3 dagger
 c - a +1 dagger of protection (weapon)
 k - a +0 hunting sling
 C - a +0 shortbow
 I - a +1 flail of holy wrath
 J - a +0 giant spiked club
Missiles
 d - 134 stones
 g - 200 arrows
 n - 2 large rocks (quivered)
 t - 11 poisoned needles
 B - 8 tomahawks
Armour
 y - a +2 robe of fire resistance (worn)
 z - a +0 cloak (worn)
Jewellery
 p - a ring of fire (right claw)
 A - a +4 ring of strength (left claw)
 F - an uncursed amulet of rage
 K - a +4 amulet of reflection (around neck)
Scrolls
 j - 2 scrolls of teleportation
 l - 4 scrolls of amnesia
 r - a scroll of enchant armour {unknown}
 v - 3 scrolls of identify
 w - 2 scrolls of immolation {unknown}
 D - 2 scrolls of remove curse
 E - a scroll of enchant weapon {unknown}
 G - 2 scrolls of fog {unknown}
 L - a scroll of summoning {unknown}
 M - a scroll of silence {unknown}
Potions
 b - a potion of haste {unknown}
 e - a potion of heal wounds {unknown}
 h - a potion of lignification {unknown}
 i - a potion of cancellation {unknown}
 m - 3 potions of degeneration
 q - 2 potions of mutation {unknown}
 s - 4 potions of curing
 u - a potion of magic {unknown}
 x - a potion of ambrosia
Books
 H - a manual of Charms
Comestibles
 f - 11 rations


   Skills:
 + Level 4.4(3.2) Fighting
 * Level 9.6(8.3) Throwing
 + Level 4.4(3.2) Dodging
 - Level 0.3(0.0) Stealth


You had 8 spell levels left.
You didn't know any spells.
Your spell library was empty.

Dungeon Overview and Level Annotations

Branches:
Dungeon (7/15)             Temple (0/1) D:5

Altars:
Cheibriados
Dithmenos
Elyvilon
Gozag
Hepliaklqana
Makhleb
Nemelex Xobeh
Okawaru
Uskayaw
Yredelemnul
Zin


Innate Abilities, Weirdness & Mutations

You are too large for most types of armour.
You have claws for hands.
Your metabolism is lightning-fast.
You like to eat raw meat.
Your natural rate of healing is unusually fast.
You are covered in fur. (AC +1)
You have extremely tough skin. (AC +3)


Message History

Okay, then.
It was a potion of curing.
You feel better. The shadow closely misses you.
It was a potion of ambrosia.
You are confused.
You feel invigorated.
The shadow slips into darkness.
The shadow flickers and vanishes!
Deactivating autopickup; reactivate with Ctrl-A.
The shadow strikes at you from the darkness!
* * * LOW HITPOINT WARNING * * *
Reactivating autopickup.
You feel purified!
You feel your strength returning.
You feel your intelligence returning.
You feel your dexterity returning.
You feel quite a bit more hungry.
You feel less invigorated.
The shadow slips into darkness.
The shadow flickers and vanishes!
Deactivating autopickup; reactivate with Ctrl-A.
You are healed.
You feel somewhat more hungry.
The shadow strikes at you from the darkness!
You die...

..#.....#.........#
####....#.>.......#
...######.........#
..................##
...................#
...)############'##############
..........................(..(#
...)#.#.#.#.#.#.#.#.#.#.#.#.#(#
...##.......#.).@...#.......#.#
...##########################.#
...#....+.............[.......#
...#....#..............########
...#....#..............#
...#....#..............#
...#....#..............#
####....#.....(........#
........#..............#


There were no monsters in sight!

Vanquished Creatures
  A hippogriff (D:6)
  Sigmund (D:3)
  Menkaure (D:5)
  An ice beast (D:6)
  An orc warrior (D:6)
  3 phantoms
  2 centaurs (D:5)
  An ogre (D:5)
  2 scorpions
  A wight (D:6)
  3 crimson imps
  A centaur zombie (D:5)
  5 orc priests
  A gnoll shaman (D:5)
  Crazy Yiuf (D:2)
  Jessica (D:3)
  Ijyb (D:3)
  3 orc wizards (D:5)
  5 worker ants
  A howler monkey zombie (D:5)
  9 gnolls
  5 adders
  2 shadow imps
  An ooze (D:3)
  An adder zombie (D:5)
  2 adder skeletons
  A worm (D:2)
  2 dart slugs
  A leopard gecko (D:4)
  14 orcs
  5 giant cockroaches
  10 goblins
  6 hobgoblins
  4 jackals (D:1)
  A quokka (D:5)
  A ball python (D:2)
  4 bats
  7 frilled lizards
  4 kobolds
  4 rats
120 creatures vanquished.

Vanquished Creatures (others)
  A frilled lizard (D:5)
1 creature vanquished.

Grand Total: 121 creatures vanquished

Notes
Turn   | Place    | Note
-------+----------+-------------------------------------------
     0 | D:1      | MisterOstroum the Troll Hunter began the quest for the Orb.
     0 | D:1      | Reached XP level 1. HP: 19/19 MP: 0/0
   435 | D:1      | Reached skill level 4 in Throwing
   445 | D:1      | Reached XP level 2. HP: 27/27 MP: 1/1
  1004 | D:2      | Reached XP level 3. HP: 23/33 MP: 2/2
  1128 | D:2      | Found a white marble altar of Elyvilon.
  1139 | D:2      | Became a worshipper of Elyvilon the Healer
  1209 | D:2      | Found a runed translucent door.
  1210 | D:2      | Noticed Crazy Yiuf
  1249 | D:2      | Found a basalt altar of Yredelemnul.
  1300 | D:2      | Found a sparkling altar of Nemelex Xobeh.
  1457 | D:2      | Found a hazy altar of Hepliaklqana.
  1462 | D:2      | Found a hide-covered altar of Uskayaw.
  1517 | D:2      | Reached * piety under Elyvilon
  1649 | D:2      | Killed Crazy Yiuf
  1649 | D:2      | Reached skill level 5 in Throwing
  1673 | D:2      | Upgraded the game from 0.23.0-42-geed6394480 to 0.23.1
  1722 | D:3      | Noticed Ijyb
  1739 | D:3      | Killed Ijyb
  1739 | D:3      | Reached XP level 4. HP: 41/41 MP: 3/3
  1837 | D:3      | Noticed Sigmund
  1867 | D:3      | HP: 2/41 [something/puff of flame (10)]
  1950 | D:3      | Killed Sigmund
  1950 | D:3      | Reached skill level 6 in Throwing
  1950 | D:3      | Reached XP level 5. HP: 48/48 MP: 4/4
  2106 | D:3      | Reached XP level 6. HP: 55/55 MP: 5/5
  2277 | D:3      | Noticed Jessica
  2279 | D:3      | Killed Jessica
  2361 | D:3      | Reached skill level 7 in Throwing
  2543 | D:3      | Reached ** piety under Elyvilon
  2775 | D:4      | Reached XP level 7. HP: 65/65 MP: 6/6
  3707 | D:5      | Entered Level 5 of the Dungeon
  3711 | D:5      | Found a burning altar of Makhleb.
  3712 | D:5      | Found an opulent altar of Gozag.
  3766 | D:5      | Reached *** piety under Elyvilon
  3823 | D:5      | Found a staircase to the Ecumenical Temple.
  4029 | D:5      | Reached skill level 8 in Throwing
  4079 | D:5      | Found a shadowy altar of Dithmenos.
  4179 | D:5      | Found a snail-covered altar of Cheibriados.
  4215 | D:5      | Reached XP level 8. HP: 69/75 MP: 7/7
  4315 | D:5      | Noticed Menkaure
  4339 | D:5      | Killed Menkaure
  4670 | D:5      | Reached skill level 9 in Throwing
  5242 | D:6      | Found a glowing silver altar of Zin.
  5288 | D:6      | Found an iron altar of Okawaru.
  5455 | D:6      | Noticed a hippogriff
  5468 | D:6      | Killed a hippogriff
  5468 | D:6      | Reached XP level 9. HP: 69/84 MP: 8/8
  6040 | D:6      | HP: 3/85 [something (25)]
  6043 | D:6      | Mangled by a shadow

Skill      XL: |  1  2  3  4  5  6  7  8 |
---------------+-------------------------+-----
Throwing       | 4 5 6 7 8 9 |  9.6
Fighting       | 2 3 4 |  4.4
Dodging        | 2 3 4 |  4.4
Stealth        | |  0.3

Action                   |  1- 3 |  4- 6 |  7- 9 || total
-------------------------+-------+-------+-------++-------
Melee: Short sword       |    76 |     7 |       ||    83
       Dagger            |       |    11 |    66 ||    77
 Fire: Hunting sling     |     4 |       |   214 ||   218
Throw: Large rock        |    32 |    14 |    29 ||    75
       Throwing net      |     5 |       |       ||     5
       Stone             |     4 |    62 |    28 ||    94
       Tomahawk          |    14 |    63 |    28 ||   105
Invok: Divine Protection |       |     2 |       ||     2
       Lesser Healing    |       |       |    22 ||    22
       Heal Other        |       |       |     4 ||     4
       Purification      |       |       |     1 ||     1
 Abil: Evoke Berserk Rag |       |       |     2 ||     2
  Use: Scroll            |       |     4 |     5 ||     9
       Potion            |       |       |     3 ||     3
 Stab: Held in net/web   |     3 |       |       ||     3
       Invisible         |     1 |       |       ||     1
       Sleeping          |       |     1 |       ||     1
  Eat: Chunk             |    19 |    10 |    32 ||    61
Armor: Robe              |    50 |    15 |   102 ||   167
Dodge: Dodged            |    67 |    26 |   123 ||   216
Block: Other             |       |       |     7 ||     7
